 Dungeon Crawl Stone Soup version 0.31.0-11-ge490571c62 (webtiles) character file.

Game seed: 16702011081754214605

1589 qw the Skirmisher (level 8, 0/36 (40) HPs)
             Began as a Spriggan Hunter on Feb 5, 2024.
             Was an Initiate of Okawaru.
             Killed by divine providence
             ... invoked by Jeremiah
              (11 damage)
             ... on level 7 of the Dungeon.
             The game lasted 00:02:16 (4607 turns).

qw the Skirmisher (Spriggan Hunter)                 Turns: 4607, Time: 00:02:17

HP:   0/36 (40)     AC:  8    Str:  9    XL:     8   Next: 61%
MP:   9/9           EV: 24    Int: 11    God:    Okawaru [......]
Gold: 146           SH:  0    Dex: 20    Spells: 7/7 levels left

rFire   . . .        i - +2 orcbow (flame)
rCold   . . .        (shield currently unavailable)
rNeg    . . .        m - +2 robe {Will+}
rPois   .            h - +2 hat of Histrionic Birdsong {Str+2}
rElec   .            d - +1 cloak
rCorr   .            (gloves unavailable)
SInv    +            (boots unavailable)
Will    ++...        (no amulet)
Stlth   ++           (no ring)
HPRegen 0.26/turn    (no ring)
MPRegen 0.11/turn

%: no passive effects
@: heavily drained, very quick
A: very small, no large weapons, unfitting armour, see invisible, speed 3
a: Renounce Religion


You were on level 7 of the Dungeon.
You worshipped Okawaru.
Okawaru was noncommittal.
You visited 1 branch of the dungeon, and saw 7 of its levels.

You collected 260 gold pieces.
You spent 114 gold pieces at shops.


Innate Abilities, Weirdness & Mutations

You are very small and have problems with some larger weapons.
You are too small for most types of armour.
You have supernaturally acute eyesight. (SInv)
You cover ground extremely quickly. (Speed+++)


   Skills:
 - Level 3.1 Fighting
 + Level 9.1 Ranged Weapons
 - Level 9.0 Dodging
 - Level 1.5 Stealth


You had 7 spell levels left.
You didn't know any spells.
Your spell library was empty.

Inventory:

Hand Weapons
 i - a +2 orcbow of flaming (weapon)
Armour
 d - a +1 cloak (worn)
 h - the +2 hat of Histrionic Birdsong (worn) {Str+2}
   (You acquired it on level 4 of the Dungeon)

   Str+2:     It affects your strength (+2).
 m - a +2 robe of willpower (worn)
Jewellery
 j - an amulet of guardian spirit
Wands
 k - a wand of charming (20)
Scrolls
 a - a scroll of identify
 l - a scroll of teleportation
Potions
 b - a potion of might
 e - 2 potions of enlightenment
 f - 4 potions of curing
 g - a potion of mutation
 p - a potion of heal wounds

Dungeon Overview and Level Annotations

Branches:
Dungeon (7/15)
 Temple: D:4-7

Altars:
Okawaru
Uskayaw
Xom

Shops:
D:2 ?   D:4 ?

Annotations:
D:7 Jeremiah


Message History

Jeremiah hops!
Jeremiah lets out a twisted cry.
Something smites you!
Jeremiah hops!
You feel like a meek peon again.
The butterfly disappears in a burst of colours!
You start resting.
Jeremiah is nearby!
Jeremiah cries, "Fearful master, protect me!"
Something smites you!
The butterfly disappears in a burst of colours!
Enter note: The butterfly disappears in a burst of colours!
You shoot an arrow. The arrow hits Jeremiah!
The arrow burns Jeremiah.
Jeremiah is heavily wounded.
The butterfly disappears in a burst of colours! x2
The butterfly disappears in a burst of colours! x2
The butterfly disappears in a burst of colours!
Enter note: You shoot an arrow.
The arrow hits Jeremiah!
The arrow burns Jeremiah.
Jeremiah is almost dead.
The butterfly disappears in a burst of colours!
Jeremiah hits you from afar with a +4 trident of draining.
You feel drained.
The butterfly disappears in a burst of colours!
Jeremiah closely misses you.
The butterfly disappears in a burst of colours! x2
Jeremiah hits you from afar with a +4 trident of draining.
You feel drained.
You shoot an arrow.
The arrow hits Jeremiah but does no damage.
Jeremiah is almost dead.
The butterfly disappears in a burst of colours!
Jeremiah hits you from afar with a +4 trident of draining.
You feel drained.
The butterfly disappears in a burst of colours!
Jeremiah cries, "Fearful master, protect me!"
Something smites you!
You die...
Jeremiah says, "O terrible one, your will is done."

...###...###...##.....#..
....#.###.#.....#........
...#...# ..#...#.........
####...#.. #####...>b....
...#...#...#...#.......##
....#.## #.....#bbbb..#
...###.. ##...##Fb..bb..
###.# ....#.###b#bb......
.#...#...#.. #.b@#.......
.#...##### . #...#......#
.#...# #...#..#### ###.#.
##.#...... . .###.
.##.#.... ... # .$ .. b..
. ... ... .. #### .... .
...


You could see Jeremiah.

Vanquished Creatures
  Eustachio (D:4)
  A black bear (D:5)
  A bullfrog (D:6)
  A gnoll sergeant (D:5)
  3 scorpions
  5 wights (D:7)
  2 bombardier beetles
  2 hounds (D:4)
  A jelly (D:5)
  3 orc priests (D:5)
  2 gnoll boudas (D:5)
  Jessica (D:2)
  Terence (D:2)
  5 iguanas
  Natasha (twice) (D:3)
  An orc wizard (D:5)
  11 gnolls (D:5)
  2 adders
  A shadow imp (D:4)
  A white imp (D:5)
  3 dart slugs
  2 ribbon worms
  14 orcs
  8 ball pythons
  6 bats
  8 endoplasms
  6 giant cockroaches
  5 hobgoblins
  4 jackals (D:1)
  8 kobolds
  3 quokkas
  5 frilled lizards
  7 goblins
  4 rats (D:2)
130 creatures vanquished.

Notes
Turn   | Place    | Note
-------+----------+-------------------------------------------
     0 | D:1      | qw the Spriggan Hunter began the quest for the Orb.
     0 | D:1      | Reached XP level 1. HP: 10/10 MP: 2/2
     0 | D:1      | 0 ||| qw: Version: 0.3-a-160-g6735b56
     0 | D:1      | 0 ||| qw: Game counter: 6538
     0 | D:1      | 0 ||| qw: Melee chars always use a shield: true
     0 | D:1      | 0 ||| qw: God list: Okawaru
     0 | D:1      | 0 ||| qw: Allow faded altars: false
     0 | D:1      | 0 ||| qw: Do Orc after clearing Dungeon:15 true
     0 | D:1      | 0 ||| qw: Do second Lair branch before Depths: true
     0 | D:1      | 0 ||| qw: Lair rune preference: random
     0 | D:1      | 0 ||| qw: Goals: Normal
     0 | D:1      | 0 ||| PLANNING D:1-11
    44 | D:1      | Reached skill level 3 in Dodging
   202 | D:1      | Reached XP level 2. HP: 13/14 MP: 3/3
   688 | D:1      | 688 ||| READING 2 scrolls labelled NODUDGH UPORAHA.
   688 | D:1      | 688 ||| IDENTIFYING cyan potion
   689 | D:1      | 689 ||| READING scroll of identify.
   689 | D:1      | 689 ||| IDENTIFYING ruby potion
   690 | D:1      | 690 ||| DROPPING scroll of butterflies.
   754 | D:2      | Reached XP level 3. HP: 18/18 MP: 4/4
   888 | D:2      | Noticed Terence
   896 | D:2      | Killed Terence
   910 | D:2      | Reached XP level 4. HP: 22/22 MP: 5/5
   918 | D:2      | Noticed Jessica
   920 | D:2      | 920 ||| DRINKING potion of haste.
   922 | D:2      | Killed Jessica
  1051 | D:2      | Found a faded altar of an unknown god.
  1204 | D:2      | Found Ynuuv's Magic Scroll Shoppe.
  1207 | D:2      | 1207 ||| SHOPLISTING scroll of enchant armour (97 gold,
                  | have 88).
  1207 | D:2      | 1207 ||| BUYING scroll of identify (26 gold).
  1207 | D:2      | Bought a scroll of identify for 26 gold pieces
  1207 | D:2      | 1207 ||| BUYING scroll of identify (26 gold).
  1207 | D:2      | Bought a scroll of identify for 26 gold pieces
  1207 | D:2      | 1207 ||| BUYING scroll of identify (26 gold).
  1207 | D:2      | Bought a scroll of identify for 26 gold pieces
  1207 | D:2      | 1207 ||| READING 3 scrolls labelled ANAPRE AL UKIR.
  1308 | D:2      | 1308 ||| READING 3 scrolls of identify.
  1308 | D:2      | 1308 ||| IDENTIFYING lumpy cyan potion
  1309 | D:2      | 1309 ||| READING 2 scrolls of identify.
  1309 | D:2      | 1309 ||| IDENTIFYING sedimented blue potion
  1310 | D:2      | 1310 ||| READING scroll of identify.
  1310 | D:2      | 1310 ||| IDENTIFYING scroll labelled HEASEOWIAC
  1311 | D:2      | 1311 ||| DROPPING 2 scrolls of vulnerability.
  1312 | D:2      | 1312 ||| DROPPING scroll of fog.
  1475 | D:3      | Found a hide-covered altar of Uskayaw.
  1539 | D:3      | Reached XP level 5. HP: 26/26 MP: 6/6
  1544 | D:3      | Noticed Natasha
  1547 | D:3      | 1547 ||| FLEEEEING.
  1552 | D:3      | Killed Natasha
  1723 | D:3      | Noticed Natasha
  1727 | D:3      | Killed Natasha
  2031 | D:3      | 2031 ||| UPGRADING to +0 cloak.
  2103 | D:4      | Reached skill level 6 in Ranged Weapons
  2112 | D:4      | Found a shimmering altar of Xom.
  2115 | D:4      | Noticed Eustachio
  2116 | D:4      | 2116 ||| DRINKING potion of haste.
  2131 | D:4      | 2131 ||| RETREEEEATING.
  2133 | D:4      | 2133 ||| RETREEEEATING.
  2135 | D:4      | 2135 ||| RETREEEEATING.
  2149 | D:4      | HP: 6/26 [river rat[Eustachio] (7)]
  2150 | D:4      | 2150 ||| DRINKING 2 potions of heal wounds.
  2167 | D:4      | 2167 ||| FLEEEEING.
  2168 | D:4      | 2168 ||| FLEEEEING.
  2169 | D:4      | 2169 ||| FLEEEEING.
  2174 | D:4      | 2174 ||| FLEEEEING.
  2175 | D:4      | 2175 ||| FLEEEEING.
  2176 | D:4      | 2176 ||| FLEEEEING.
  2177 | D:4      | 2177 ||| FLEEEEING.
  2178 | D:4      | 2178 ||| FLEEEEING.
  2179 | D:4      | 2179 ||| FLEEEEING.
  2180 | D:4      | 2180 ||| FLEEEEING.
  2185 | D:4      | Killed Eustachio
  2186 | D:4      | Reached skill level 6 in Dodging
  2186 | D:4      | Reached XP level 6. HP: 16/30 MP: 7/7
  2712 | D:4      | Found Pymmeax's Magic Scroll Shoppe.
  2715 | D:4      | 2715 ||| SHOPLISTING scroll of enchant weapon (90 gold,
                  | have 78).
  2715 | D:4      | 2715 ||| BUYING scroll of teleportation (36 gold).
  2715 | D:4      | Bought a scroll of teleportation for 36 gold pieces
  2850 | D:4      | Reached XP level 7. HP: 16/35 MP: 8/8
  2853 | D:4      | HP: 8/35 [shadow imp (5)]
  2853 | D:4      | HP: 1/35 [shadow imp/nerve-wracking pain (7)]
  2854 | D:4      | 2854 ||| READING scroll of teleportation.
  2855 | D:4      | 2855 ||| DRINKING potion of heal wounds.
  2858 | D:4      | 2858 ||| FLEEEEING.
  2859 | D:4      | 2859 ||| FLEEEEING.
  2860 | D:4      | 2860 ||| FLEEEEING.
  2861 | D:4      | 2861 ||| FLEEEEING.
  2862 | D:4      | 2862 ||| FLEEEEING.
  2863 | D:4      | 2863 ||| FLEEEEING.
  2865 | D:4      | 2865 ||| FLEEEEING.
  2866 | D:4      | 2866 ||| FLEEEEING.
  2904 | D:4      | 2904 ||| DROPPING amulet of magic regeneration.
  2905 | D:4      | 2905 ||| READING 2 scrolls labelled TIGUF GIPNUOM.
  2905 | D:4      | Identified 2 scrolls of acquirement
  2905 | D:4      | 2905 ||| ACQUIRING +2 orcbow of flaming
  2905 | D:4      | Acquired a +2 orcbow of flaming
  2906 | D:4      | 2906 ||| READING scroll of acquirement.
  2906 | D:4      | 2906 ||| ACQUIRING +2 hat of Histrionic Birdsong {Str+2}
  2906 | D:4      | Acquired the +2 hat of Histrionic Birdsong {Str+2}
  2908 | D:4      | 2908 ||| SWAPPING to +2 orcbow of flaming.
  2909 | D:4      | 2909 ||| DROPPING +0 shortbow.
  2910 | D:4      | 2910 ||| UPGRADING to +2 hat of Histrionic Birdsong
                  | {Str+2}.
  2943 | D:5      | Entered Level 5 of the Dungeon
  3256 | D:5      | HP: 7/35 [orc priest/nerve-wracking pain (13)]
  3265 | D:5      | HP: 5/35 [orc priest/nerve-wracking pain (2)]
  3447 | D:5      | Reached skill level 3 in Fighting
  3447 | D:5      | Reached XP level 8. HP: 40/40 MP: 9/9
  3694 | D:5      | 3694 ||| UPGRADING to amulet of guardian spirit.
  3699 | D:5      | 3699 ||| DROPPING ring of magical power.
  3700 | D:5      | 3700 ||| READING 2 scrolls of identify.
  3700 | D:5      | 3700 ||| IDENTIFYING smoky yellow potion
  3701 | D:5      | 3701 ||| READING scroll of identify.
  3701 | D:5      | 3701 ||| IDENTIFYING fizzy black potion
  3702 | D:5      | 3702 ||| READING scroll labelled CEH JESEDOTA.
  3839 | D:6      | Found an iron altar of Okawaru.
  3840 | D:6      | 3840 ||| PLANNING OKAWARU WORSHIP
  3840 | D:6      | 3840 ||| READING scroll labelled SEMEZOLUMI.
  3842 | D:6      | 3842 ||| Stepping ~*~*~tactically~*~*~ (cloud).
  3909 | D:6      | Became a worshipper of Warmaster Okawaru
  3910 | D:6      | 3910 ||| PLANNING D:1-11
  3910 | D:6      | 3910 ||| REMOVING amulet of guardian spirit.
  4424 | D:6      | 4424 ||| UPGRADING to +2 robe of willpower.
  4434 | D:6      | 4434 ||| DROPPING +0 robe.
  4435 | D:6      | 4435 ||| READING 3 scrolls of identify.
  4435 | D:6      | 4435 ||| IDENTIFYING scroll labelled AJOINE FIBANAU
  4436 | D:6      | 4436 ||| READING scroll of enchant armour.
  4436 | D:6      | 4436 ||| ENCHANTING +0 cloak.
  4437 | D:6      | 4437 ||| READING 2 scrolls of identify.
  4437 | D:6      | 4437 ||| IDENTIFYING 2 scrolls labelled MANNAMAIRO
  4438 | D:6      | 4438 ||| READING 2 scrolls of brand weapon.
  4438 | D:6      | 4438 ||| BRANDING +2 orcbow of flaming.
  4439 | D:6      | 4439 ||| READING scroll of brand weapon.
  4439 | D:6      | 4439 ||| BRANDING +2 orcbow of freezing.
  4487 | D:7      | Reached skill level 9 in Ranged Weapons
  4493 | D:7      | 4493 ||| FLEEEEING.
  4494 | D:7      | 4494 ||| FLEEEEING.
  4499 | D:7      | 4499 ||| FLEEEEING.
  4500 | D:7      | 4500 ||| FLEEEEING.
  4559 | D:7      | Reached * piety under Okawaru
  4560 | D:7      | Reached skill level 9 in Dodging
  4570 | D:7      | Noticed Jeremiah
  4572 | D:7      | 4572 ||| INVOKING Heroism.
  4607 | D:7      | Killed from afar by Jeremiah

Levels and vault maps discovered:
D:1:      nicolae_arrival_washed_ashore, layout_loops_cross,
          nrook_mini_backslash, minmay_bisected
D:2:      layout_basic, shapermc_ecumenical_altar_mp_highgroup, serial_shops,
          nicolae_shop_rolled_up, uniq_jessica, uniq_terence
D:3:      layout_basic, mainiacjoe_overflow_paths, minmay_misc_feat_alley,
          uniq_natasha
D:4:      layout_basic, xom_teletrap_fun, serial_shops, kennysheep_mini_moat,
          uniq_eustachio
D:5:      layout_cave_pools
D:6:      layout_loops_ring, hellmonk_okawaru_the_only_friend_you_need
D:7:      nicolae_cairo_tiling, layout_rooms, grunt_gozag_breadcrumbs,
          marbit_many_paths, mainiacjoe_overflow_large_starburst,
          temple_fountains, hangedman_decor_peaks_small, minivault_25,
          nicolae_water_bricks, hangedman_minor_gate_pass, uniq_jeremiah

Skill      XL: |  1  2  3  4  5  6  7  8 |
---------------+-------------------------+-----
Dodging        | 3 4 5 6 7 9 |  9.0
Ranged Weapons | 5 6 8 9 |  9.1
Fighting       | 2 3 |  3.1
Stealth        | |  1.5

Action                     |  1- 3 |  4- 6 |  7- 9 || total
---------------------------+-------+-------+-------++-------
   Fire: Shortbow          |    91 |   175 |     7 ||   273
         Orcbow            |       |       |   155 ||   155
 Invoke: Heroism           |       |       |     1 ||     1
    Use: Scroll            |     2 |     4 |    12 ||    18
         Potion            |       |     3 |     1 ||     4
 Armour: Robe              |     9 |    28 |    15 ||    52
  Dodge: Dodged            |    24 |    72 |    36 ||   132

Table legend:
 A = Non-vault XP
 B = Vault XP
 C = Vault XP percentage of total XP
 D = Non-vault monster count
 E = Vault monster count
 F = Vault count percentage of total count
                 A         B        C        D         E       F
            +---------+---------+-------+---------+---------+-------
      Total |    1971 |     300 |  13.2 |     124 |       6 |   4.6
            +---------+---------+-------+---------+---------+-------
        D:1 |      34 |       4 |  10.5 |      18 |       2 |  10.0
        D:2 |      37 |      73 |  66.4 |      22 |       2 |   8.3
        D:3 |     121 |      35 |  22.4 |      21 |       1 |   4.5
        D:4 |     254 |     188 |  42.5 |      16 |       1 |   5.9
        D:5 |     867 |       0 |   0.0 |      36 |       0 |   0.0
        D:6 |     259 |       0 |   0.0 |       5 |       0 |   0.0
        D:7 |     399 |       0 |   0.0 |       6 |       0 |   0.0
            +---------+---------+-------+---------+---------+-------
